 Dungeon Crawl Stone Soup version 0.19.3-4-gbf9329e (webtiles) character file.

141 Macro the Cutter (level 5, -6/36 HPs)
             Began as a Halfling Fighter on Jan 25, 2017.
             Was an Initiate of Nemelex Xobeh.
             Mangled by an orc
             ... wielding a +0 war axe
              (7 damage)
             ... on level 3 of the Dungeon on Jan 27, 2017.
             The game lasted 00:09:34 (1972 turns).

Macro the Cutter (Halfling Fighter)                 Turns: 1972, Time: 00:09:35

Health: -6/36      AC: 10    Str: 18    XL:     5   Next: 48%
Magic:  5/5        EV:  6    Int:  6    God:    Nemelex Xobeh [......]
Gold:   87         SH: 10    Dex: 14    Spells: 0 memorised, 4 levels left

rFire  . . .     SeeInvis .     a - +0 rapier
rCold  . . .     Gourm    .     k - +0 chain mail
rNeg   . . .     Faith    .     c - +0 shield
rPois  .         Spirit   .     (no helmet)
rElec  .         Reflect  .     h - +0 cloak
rCorr  .         Harm     .     (no gloves)
MR     .....                    (no boots)
Stlth  ..........               (no amulet)
                                (no ring)
                                (no ring)

@: drained
A: mutation resistance 1
a: Renounce Religion


You were on level 3 of the Dungeon.
You worshipped Nemelex Xobeh.
Nemelex Xobeh was noncommittal.
You were hungry.

You visited 1 branch of the dungeon, and saw 3 of its levels.

You collected 87 gold pieces.

Inventory:

Hand Weapons
 a - a +0 rapier (weapon)
Armour
 c - a +0 shield (worn)
 h - a +0 cloak (worn)
 k - a +0 chain mail (worn)
Scrolls
 b - a scroll of enchant weapon {unknown}
 e - a scroll of teleportation {unknown}
 g - 2 scrolls of immolation {unknown}
 l - 3 scrolls of remove curse {unknown}
Potions
 d - a potion of might
 j - a potion of curing
 n - 3 potions of lignification {unknown}
 o - a potion of berserk rage {unknown}
Miscellaneous
 m - a plain deck of summoning {drawn: 1}
Comestibles
 f - 2 bread rations
 i - 4 meat rations


   Skills:
 + Level 3.2(2.9) Fighting
 + Level 4.7(4.4) Short Blades
 + Level 3.7(3.3) Armour
 + Level 4.1(3.8) Shields


You had 4 spell levels left.
You didn't know any spells.

Dungeon Overview and Level Annotations

Branches:
Dungeon (3/15)

Altars:
Kikubaaqudgha
Nemelex Xobeh
Uskayaw


Innate Abilities, Weirdness & Mutations

You are small and have problems with some larger weapons.
You are somewhat resistant to further mutation.


Message History

The orc hits your hell hound with a hand axe.
The chaos spawn closely misses your hell hound.
Your hell hound closely misses the chaos spawn.
The orc completely misses your hell hound.
The chaos spawn hits your hell hound!
Your hell hound dies!
Your hell hound's corpse disappears in a puff of smoke!
The chaos spawn growls angrily.
You barely miss the chaos spawn.
The chaos spawn is almost dead.
The chaos spawn gores you!
* * * LOW HITPOINT WARNING * * *
You blink.
A rat comes into view.
You block the orc's attack.
You hit the orc.
The orc is severely wounded.
The orc hits you with a war axe!
You die...
Your body disappears without a glow.

#....##.#######
#.#.###.####
#...#.#....#
#..#..#..#.# #
#.#.#.##.#.# #.
##.######.#.# #..
#...#.#...#.#
#...####.....#####.#
#ro@#[#####.....#
#.#o#.<.###.#####
#.#.4.......##
#.#..........#
#.#.####.....#
#.#..........#
#.##.........#
#.##........##
####.##........#


You could see a chaos spawn, 2 orcs and a rat.

Vanquished Creatures
  Ijyb (D:2)
  5 adders (D:2)
  2 dart slugs
  A leopard gecko (D:2)
  An orc (D:3)
  3 giant cockroaches (D:2)
  8 goblins
  6 hobgoblins
  7 kobolds
  A ball python (D:2)
  4 bats
  8 frilled lizards
  2 rats (D:1)
49 creatures vanquished.

Vanquished Creatures (collateral kills)
  An orc wizard (D:3)
  2 leopard geckos (D:3)
  2 orcs (D:3)
  A bat (D:3)
6 creatures vanquished.

Grand Total: 55 creatures vanquished

Notes
Turn   | Place    | Note
-------+----------+-------------------------------------------
     0 | D:1      | Macro the Halfling Fighter began the quest for the Orb.
     0 | D:1      | Reached XP level 1. HP: 15/15 MP: 1/1
     0 | D:1      | Upgraded the game from 0.19.3-1-g3169bf9 to 0.19.3-4-gbf9329e
    80 | D:1      | Reached XP level 2. HP: 20/20 MP: 2/2
   409 | D:1      | Reached XP level 3. HP: 14/26 MP: 3/3
   992 | D:2      | Found a hide-covered altar of Uskayaw.
   997 | D:2      | Found a sparkling altar of Nemelex Xobeh.
  1001 | D:2      | Found an ancient bone altar of Kikubaaqudgha.
  1036 | D:2      | Became a worshipper of Nemelex Xobeh the Trickster
  1092 | D:2      | Reached XP level 4. HP: 30/31 MP: 4/4
  1366 | D:2      | Received a gift from Nemelex Xobeh
  1441 | D:2      | Noticed Ijyb
  1453 | D:2      | Killed Ijyb
  1477 | D:2      | Reached XP level 5. HP: 26/36 MP: 5/5
  1924 | D:3      | Noticed a chaos spawn
  1969 | D:3      | HP: 1/36 [chaos spawn[the player character] (9)]
  1972 | D:3      | Mangled by an orc

Skill      XL: |  1  2  3  4 |
---------------+-------------+-----
Fighting       | 3 |  3.2
Short Blades   | 3 4 |  4.7
Shields        | 4 |  4.1
Armour         | |  3.7

Action                   |  1- 3 |  4- 6 || total
-------------------------+-------+-------++-------
Melee: Rapier            |    99 |   104 ||   203
Evoke: Deck              |       |     1 ||     1
  Use: Potion            |       |     1 ||     1
  Eat: Chunk             |       |     3 ||     3
Armor: Scale mail        |     5 |       ||     5
       Chain mail        |    48 |    42 ||    90
Dodge: Dodged            |    26 |    20 ||    46
Block: Shield            |    58 |    46 ||   104
